 Dungeon Crawl Stone Soup version 0.26-a0-490-gf8362a0c98 (webtiles) character file.

Game seed: 9604772160369091779

7 ANON1729 the Sneak (level 1, -8/19 HPs)
             Began as a Palentonga Delver on Aug 4, 2020.
             Killed by divine providence
             ... invoked by an orc priest
              (16 damage)
             ... on level 6 of the Dungeon.
             The game lasted 00:00:35 (462 turns).

ANON1729 the Sneak (Palentonga Delver)               Turns: 462, Time: 00:00:36

Health: -8/19      AC:  4    Str: 15    XL:     1   Next: 91%
Magic:  1/1        EV:  9    Int: 10    God:
Gold:   13         SH:  0    Dex: 11    Spells: 0/0 levels left

rFire    . . .     SeeInvis +   a - +0 falchion
rCold    . . .     Faith    .   (no shield)
rNeg     . . .     Spirit   .   b - +0 leather armour
rPois    .         Reflect  .   (no helmet)
rElec    .         Harm     .   (no cloak)
rCorr    .                      (no gloves)
MR       .....                  (boots restricted)
Stlth    ++........             (no amulet)
HPRegen  0.06/turn              (no ring)
MPRegen  0.07/turn              (no ring)

@: no status effects
A: large, rugged brown scales 3, see invisible, deformed body, roll, armoured
tail
a: Rolling Charge


You were on level 6 of the Dungeon.
You visited 1 branch of the dungeon, and saw 2 of its levels.

You collected 13 gold pieces.

Inventory:

Hand Weapons
 a - a +0 falchion (weapon)
Armour
 b - a +0 leather armour (worn)
Wands
 g - a wand of digging (3)
Scrolls
 c - a scroll of fog
 d - a scroll of magic mapping
 e - 2 scrolls of teleportation {unknown}
Potions
 f - a potion of haste


   Skills:
 + Level 3.1 Fighting
 + Level 2.1 Long Blades
 + Level 1.7 Dodging
 + Level 3.4 Stealth


You couldn't memorise any spells.
You didn't know any spells.
Your spell library was empty.

Dungeon Overview and Level Annotations

Branches:
Dungeon (6/15)
 Temple: D:4-7

Altars:
Vehumet


Innate Abilities, Weirdness & Mutations

You are completely covered in rugged brown scales. (AC +3, +7% HP)
You have supernaturally acute eyesight. (SInv)
Armour fits poorly on your strangely shaped body.
You can roll at foes to attack.
You have a long armoured tail.


Message History

You are too injured to fight recklessly!
You are too injured to fight recklessly!
You are too injured to fight recklessly!
You are too injured to fight recklessly!
You are too injured to fight recklessly!
You are too injured to fight recklessly!
An orc priest is nearby!
An orc priest is nearby!
You closely miss the orc priest.
The orc priest is moderately wounded.
The orc priest hits you but does no damage.
Your leather armour prevents you from hitting the orc priest.
The orc priest is moderately wounded.
The orc priest misses you.
Your leather armour prevents you from hitting the orc priest.
The orc priest is moderately wounded.
The orc priest calls down the wrath of Beogh upon you.
Beogh smites you!
Ouch! That really hurt!
You die...

#........ #.####### #.#
#.####### #........
#..###### #..#.....
################..#.####
......o@..)...........>.
....####.####[.........#
# #.# #........... #.#
#........... ...
#..........( ...
#........... .$..#
#........... ##.##
#.....).....
#...).......


You could see an orc priest.

Vanquished Creatures
  3 orcs (D:6)
  A quokka (D:5)
4 creatures vanquished.

Notes
Turn   | Place    | Note
-------+----------+-------------------------------------------
     0 | D:5      | ANON1729 the Palentonga Delver began the quest for the Orb.
     0 | D:5      | Reached XP level 1. HP: 19/19 MP: 1/1
     3 | D:5      | Noticed a worker ant
   176 | D:6      | Noticed a jelly
   371 | D:6      | Found a radiant altar of Vehumet.
   453 | D:6      | Noticed an orc priest
   462 | D:6      | Killed from afar by an orc priest

Illustrated notes

Levels and vault maps discovered:
D:5:      layout_loops_ring, old_standard_altar, serial_shops,
          nicolae_shop_stone
D:6:      layout_basic, lemuel_crystal_altar, kennysheep_mini,
          kennysheep_mini_moat, serial_shops, shop, shop, nicolae_shop_crystal

Action                   || total
-------------------------++-------
Melee: Falchion          ||    22
       Tailslap          ||     3
  Use: Scroll            ||     1
Armor: Leather armour    ||     4
Dodge: Dodged            ||     8
       Rpst.: Falchion   ||     1

Table legend: (Time is in decaauts)
 A = Elapsed time spent in this place.
 B = Non-inter-level travel time spent in this place.
 C = Inter-level travel time spent in this place.
 D = Time resting spent in this place.
 E = Time spent auto-exploring this place.
 F = Levels seen in this place.
 G = Mean time per level.
                   A        B        C        D        E       F      G
               +--------+--------+--------+--------+--------+-----+--------+
         Total |    465 |    465 |      0 |    282 |     97 |   2 |  232.5 |
       Dungeon |    465 |    465 |      0 |    282 |     97 |   2 |  232.5 |
               +--------+--------+--------+--------+--------+-----+--------+

Top non-repeatable levels by time:
     D:6: 287 daAuts
     D:5: 178 daAuts
